 Dungeon Crawl Stone Soup version 0.30.0-5-g1a98f26d00 (webtiles) character file.

Game seed: 15484929230796074446

1294 jasper the Poker (level 8, -6/65 HPs)
             Began as a Demonspawn Reaver on May 8, 2023.
             Was a Priest of Ashenzari.
             Splashed by a jelly's acid (10 damage)
             ... on level 6 of the Dungeon.
             The game lasted 00:08:36 (4927 turns).

jasper the Poker (Demonspawn Reaver)                Turns: 4927, Time: 00:08:37

Health: -6/65      AC:  0    Str: 12    XL:     8   Next: 30%
Magic:  12/12      EV:  9    Int: 17    God:    Ashenzari [***...]
Gold:   2418       SH:  0    Dex: 12    Spells: 12/13 levels left

rFire   . . .        c - +2 spear of the Sibylline Repose {heavy, Self, Bglg} (curse)
rCold   . . .        (no shield)
rNeg    . . .        e - +0 scale mail of Supernal Understanding {Bglg, Comp} (curse)
rPois   .            w - +1 helmet of the Mantic Sybil {Fort, Alch} (curse)
rElec   .            (no cloak)
rCorr   .            (no gloves)
SInv    +            (no boots)
Will    .....        q - amulet "Revealing Affliction" {Acrobat, Melee, Elem} (curse) Stlth
                     u - ring "Share My the Ego" {Fly, Fort, Melee} (curse)
HPRegen 0.30/turn    (no ring)
MPRegen 0.13/turn

%: acrobat, clarity
@: corroded, flying
A: demonic guardian 1, ignite blood 1, weakness stinger 1
a: Renounce Religion, Shatter the Chains


You were on level 6 of the Dungeon.
You worshipped Ashenzari.
Ashenzari was most pleased with you.
You visited 1 branch of the dungeon, and saw 6 of its levels.

You collected 2442 gold pieces.
You spent 24 gold pieces at shops.

Inventory:

Hand Weapons
 a - a +0 mace
 c - the cursed +2 spear of the Sibylline Repose (weapon) {heavy, Self, Bglg}
   (You found it on level 1 of the Dungeon)

   It has a curse which improves the following skills: Introspection: Fighting
   and Spellcasting.
   Beguiling: Conjurations, Hexes and Translocations.
 t - a +1 vampiric war axe
 G - a +3 trident
Missiles
 j - 80 stones
 I - 4 boomerangs
Armour
 b - a +0 leather armour
 e - the cursed +0 scale mail of Supernal Understanding (worn) {Bglg, Comp}
   (You found it on level 1 of the Dungeon)

   It has a curse which improves the following skills: Beguiling: Conjurations,
   Hexes and Translocations.
   Companions: Summonings and Necromancy.
 w - the cursed +1 helmet of the Mantic Sybil (worn) {Fort, Alch}
   (You took it off Robin on level 3 of the Dungeon)

   It has a curse which improves the following skills: Fortitude: Armour and
   Shields.
   Alchemy:   Poison Magic and Transmutations.
Magical Staves
 m - a staff of poison
Jewellery
 d - a ring of fire
 q - the cursed amulet "Revealing Affliction" (around neck) {Acrobat, Melee, Elem}
   (You found it on level 2 of the Dungeon)

   [amulet of the acrobat]

   It increases your evasion while moving and waiting.
   It has a curse which improves the following skills: Melee Combat: Short
   Blades, Long Blades, Axes, Maces & Flails, Polearms, Staves and Unarmed
   Combat.
   Elements:  Fire Magic, Ice Magic, Air Magic and Earth Magic.
 u - the cursed ring "Share My the Ego" (left hand) {Fly, Fort, Melee}
   (You found it on level 2 of the Dungeon)

   [ring of flight]

   Fly:       It grants you flight.
   It has a curse which improves the following skills: Fortitude: Armour and
   Shields.
   Melee Combat: Short Blades, Long Blades, Axes, Maces & Flails, Polearms,
   Staves and Unarmed Combat.
Wands
 x - a wand of iceblast (4)
Scrolls
 f - 7 scrolls of identify
 g - a scroll of magic mapping
 k - a scroll of blinking
 l - a scroll of vulnerability
 o - a scroll of teleportation
 r - 3 scrolls of immolation
 s - a scroll of brand weapon
 v - 2 scrolls of fog
 C - a scroll of torment
 D - a scroll of amnesia
Potions
 h - 3 potions of cancellation
 i - a potion of invisibility
 n - 2 potions of attraction
 p - 3 potions of degeneration
 z - 3 potions of lignification
 A - 2 potions of resistance
 B - 4 potions of curing
 E - 2 potions of heal wounds
 F - a potion of flight
 H - 2 potions of berserk rage


   Skills:
 + Level 5.4(6.9) Fighting
 - Level 2.6(4.5) Maces & Flails
 - Level 7.9(10.2) Polearms
 + Level 0.0(0.2) Armour
 + Level 1.7 Dodging
 - Level 2.0(3.1) Spellcasting
 - Level 3.0(4.9) Conjurations


You had 12 spell levels left.
You knew the following spells:

 Your Spells              Type           Power      Damage    Failure   Level
a - Kiss of Death         Conj/Necr      44%        2d8       32%         1

Your spell library contained the following spells:

 Spells                   Type           Power      Damage    Failure   Level
 Momentum Strike          Conj/Tloc      22%        3d8       45%         2
 Necrotise                Necr           12%        1d4       65%         1
 Hailstorm                Conj/Ice       11%        3d5       69%         3
 Blink                    Tloc           6%         N/A       78%         2
 Lesser Beckoning         Tloc           6%         N/A       78%         2
 Poisonous Vapours        Pois/Air       6%         N/A       80%         2
 Mephitic Cloud           Conj/Pois/Air  8%         N/A       80%         3
 Tukima's Dance           Hex            3%         N/A       95%         3
 Vampiric Draining        Necr           3%         2d6       95%         3
 Anguish                  Hex/Necr       1%         N/A       100%        4
 Cause Fear               Hex            1%         N/A       100%        4
 Passage of Golubria      Tloc           3%         N/A       100%        4
 Agony                    Necr           3%         N/A       100%        5
 Freezing Cloud           Conj/Ice/Air   4%         6-21      100%        5
 Yara's Violent Unravell  Hex/Tmut       1%         3d3       100%        5
 Enfeeble                 Hex            1%         N/A       100%        7


Dungeon Overview and Level Annotations

Branches:
Dungeon (6/15)
 Temple: D:4-7

Altars:
Ashenzari
Hepliaklqana
Nemelex Xobeh
Ru
Trog
Xom

Shops:
D:2 [[[*   D:5 [


Innate Abilities, Weirdness & Mutations

A weak demonic guardian rushes to your aid.
Your demonic aura sometimes causes spilled blood to erupt in flames.
You have a small tail.


Message History

The centaur barely misses you. The centaur closely misses you.
You puncture the centaur! You tail-slap the centaur.
You kill the centaur!
Training target 10.0 for Polearms reached!
You need to enable at least one skill for training.
Things that are here:
a +0 shortbow; a centaur corpse You hit the jelly.
Your hands burn!
The jelly is lightly wounded.
The jelly hits you.
You are splashed with acid!
You take 16 damage, and have 43/65 hp.
MASSIVE DAMAGE!!
You hit the jelly.
Your hands burn!
The jelly is lightly wounded.
You take 3 damage, and have 40/65 hp.
You puncture the jelly!
Your hands burn!
The jelly is moderately wounded.
The jelly closely misses you.
You take 2 damage, and have 38/65 hp.
You puncture the jelly!
Your hands burn!
The jelly is severely wounded.
The jelly hits you but does no damage.
You take 5 damage, and have 33/65 hp.
You hit the jelly. The acid corrodes you!
Your hands burn!
The jelly is severely wounded.
The jelly hits you.
You are splashed with acid!
You take 12 damage, and have 21/65 hp.
You barely miss the jelly.
The jelly is severely wounded.
The jelly hits you. The acid corrodes you!
You are splashed with acid!
* * * LOW HITPOINT WARNING * * *
A demonic guardian appears!
You take 12 damage, and have 9/65 hp.
You hit the jelly.
Your hands burn!
* * * LOW HITPOINT WARNING * * *
Your tail-slap misses the jelly.
The jelly is almost dead.
The jelly hits you.
* * * LOW HITPOINT WARNING * * *
You are splashed with acid!
You die...

~,#.........#, ,,
*~~+.........# ..#
~~.........#,,, ...
##~.........#### ..####** *
* #~........##..##..... , ,
~~.................#, ,,,,*
*~.........<#........#,
........#.J......# , ... ,
* ........#..@.....# , ...
, ........#....5...#{,....,
, ........#........# .....
........#........##.....
........#...##...#...... ,
#~........#...##..........
*
~#~........#....#...#......
~~........#....#...# <....
~ ,#........#.[.
#...#####+#


You could see a jelly (ally target) and a friendly white imp (summoned).

Vanquished Creatures
  Grinder (D:5)
  Menkaure (D:5)
  2 water moccasins (D:5)
  A black bear (D:6)
  An ogre (D:6)
  A centaur (D:6)
  2 scorpions
  A hound (D:6)
  A jelly (D:4)
  Ijyb (D:3)
  2 orc wizards (D:6)
  An iguana (D:5)
  4 adders
  6 gnolls
  A shadow imp (D:5)
  2 worms
  3 dart slugs
  14 orcs
  4 ball pythons
  2 bats
  5 endoplasms
  3 giant cockroaches
  11 goblins
  11 hobgoblins
  5 jackals
  8 kobolds
  5 quokkas
  4 frilled lizards (D:3)
  10 rats
113 creatures vanquished.

Vanquished Creatures (collateral kills)
  Robin (D:3)
  An orc (D:5)
  2 goblins (D:3)
  A jackal (D:2)
5 creatures vanquished.

Vanquished Creatures (others)
  A jackal (D:3)
1 creature vanquished.

Grand Total: 119 creatures vanquished

Notes
Turn   | Place    | Note
-------+----------+-------------------------------------------
     0 | D:1      | jasper the Demonspawn Reaver began the quest for the Orb.
     0 | D:1      | Reached XP level 1. HP: 16/16 MP: 3/3
   171 | D:1      | Gained mutation: A weak demonic guardian rushes to your
                  | aid. [demonic ancestry]
   171 | D:1      | Reached XP level 2. HP: 20/23 MP: 5/5
   280 | D:1      | Found a faded altar of an unknown god.
   375 | D:1      | Prayed at the altar of an unknown god.
   375 | D:1      | Became a worshipper of Ashenzari the Shackled
   534 | D:2      | Found Madukh's Assorted Antiques.
   542 | D:2      | Bought a scroll labelled GOEWEBROAM for 24 gold pieces
   571 | D:2      | Found Heoreang's Armour Emporium.
   645 | D:2      | Found Aneutesy's Antique Armour Shoppe.
   673 | D:2      | Gained mutation: Your demonic aura sometimes causes spilled
                  | blood to erupt in flames. [demonic ancestry]
   673 | D:2      | Reached XP level 3. HP: 27/29 MP: 6/6
  1215 | D:2      | Found Zeifouna's Antique Armour Shop.
  1314 | D:3      | Noticed Ijyb
  1347 | D:3      | Killed Ijyb
  1348 | D:3      | Reached XP level 4. HP: 28/36 MP: 7/7
  1403 | D:3      | Noticed a scorpion
  1425 | D:3      | Killed a scorpion
  1426 | D:3      | Reached skill level 5 in Fighting
  1426 | D:3      | Gained mutation: You have a small tail. [demonic ancestry]
  1426 | D:3      | Reached XP level 5. HP: 22/46 MP: 6/8
  1988 | D:3      | Reached * piety under Ashenzari
  1988 | D:3      | Identified a scroll of acquirement
  2019 | D:3      | Reached skill level 1 in Polearms
  2031 | D:3      | Acquired 803 gold pieces
  2111 | D:3      | Found a bloodstained altar of Trog.
  2139 | D:3      | Noticed Robin
  2160 | D:3      | Killed Robin
  2203 | D:3      | Reached skill level 2 in Polearms
  2515 | D:4      | Found a hazy altar of Hepliaklqana.
  2516 | D:4      | Found a shimmering altar of Xom.
  2517 | D:4      | Noticed a spectral ugly thing
  2574 | D:4      | Reached ** piety under Ashenzari
  2798 | D:4      | Found a sparkling altar of Nemelex Xobeh.
  2966 | D:4      | Reached XP level 6. HP: 41/53 MP: 10/10
  3247 | D:4      | Reached skill level 3 in Polearms
  3277 | D:4      | Found a sacrificial altar of Ru.
  3454 | D:5      | Entered Level 5 of the Dungeon
  3454 | D:5      | Noticed Menkaure
  3456 | D:5      | Noticed a water moccasin
  3457 | D:5      | Killed Menkaure
  3458 | D:5      | Reached skill level 4 in Polearms
  3459 | D:5      | Killed a water moccasin
  3460 | D:5      | Reached XP level 7. HP: 59/59 MP: 11/11
  3668 | D:5      | Reached skill level 5 in Polearms
  3763 | D:5      | Noticed Grinder
  3784 | D:5      | Killed Grinder
  3785 | D:5      | Reached skill level 6 in Polearms
  4196 | D:5      | Found Zaufuwuetu's Antique Armour Emporium.
  4526 | D:6      | Reached XP level 8. HP: 52/65 MP: 12/12
  4649 | D:6      | Reached skill level 7 in Polearms
  4811 | D:6      | Acquired 1270 gold pieces
  4835 | D:6      | Reached *** piety under Ashenzari
  4927 | D:6      | Splashed by a jelly's acid

Illustrated notes

Levels and vault maps discovered:
D:1:      amcnicky_arrival_gap_in_the_tavern_cellar, layout_rooms,
          dreamdust_ecumenical_altar_grove, serial_park_tiny_1
D:2:      layout_basic, serial_shops,
          nicolae_shop_temple_entry_statues_fountains,
          nicolae_shop_back_alley_shop, shop, shop
D:3:      layout_basic, lightli_temple_of_fire, grunt_ministairs_8,
          corexii_item_surrounded_by_moat, uniq_robin, uniq_ijyb
D:4:      layout_basic, regret_index_temple_of_mockery,
          mainiacjoe_overflow_tiny_flanked, nemelex_spade_bored_becter
D:5:      layout_loops_ring, serial_shops, shop, gup_sewer_entry_bubbles,
          uniq_menkaure, uniq_grinder
D:6:      layout_gridville, minmay_manual_mullet

Skill      XL: |  1  2  3  4  5  6  7  8 |
---------------+-------------------------+-----
Fighting       | 3 4 5 |  5.4
Polearms       | 2 4 6 7 |  7.9
Maces & Flails | |  2.6
Dodging        | |  1.7
Spellcasting   | |  2.0
Conjurations   | |  3.0

Action                     |  1- 3 |  4- 6 |  7- 9 || total
---------------------------+-------+-------+-------++-------
  Melee: Spear             |   117 |   133 |   100 ||   350
         Mace              |     2 |       |       ||     2
         Tailslap          |       |     9 |    14 ||    23
         Punch             |       |       |     1 ||     1
   Cast: Kiss of Death     |     1 |     1 |       ||     2
 Invoke: Curse Item        |     1 |     2 |     2 ||     5
    Use: Potion            |       |     1 |       ||     1
         Scroll            |       |     1 |     1 ||     2
 Armour: Scale mail        |    96 |    67 |    38 ||   201
         Leather armour    |     1 |       |       ||     1
  Dodge: Dodged            |    80 |    88 |    56 ||   224
